 Dungeon Crawl Stone Soup version 0.28.0-45-g0d030f2227 (webtiles) character file.

Game seed: 3837278205402609202

51 zeratav the Insei (level 3, -1/21 (23) HPs)
             Began as an Octopode Transmuter on Apr 3, 2022.
             Slain by a necrophage (6 damage)
             ... on level 3 of the Dungeon.
             The game lasted 00:03:43 (2517 turns).

zeratav the Insei (Octopode Transmuter)             Turns: 2517, Time: 00:03:44

HP:   -1/21 (23)    AC:  2    Str:  9    XL:     3   Next: 83%
MP:   3/6           EV: 19    Int: 17    God:
Gold: 47            SH:  0    Dex: 17    Spells: 3/7 levels left

rFire   . . .      SeeInvis .     - Unarmed
rCold   . . .      Faith    .   (shield currently unavailable)
rNeg    . . .      Spirit   .   (helmet currently unavailable)
rPois   x          Reflect  .   (no amulet)
rElec   .          Harm     .   (no ring)
rCorr   .          Rampage  .   (no ring)
Will    .....                   (no ring)
Stlth   ++........              (no ring)
HPRegen 0.07/turn               (no ring)
MPRegen 0.10/turn               (no ring)
                                (no ring)
                                (no ring)

@: spider-form, drained
A: venomous fangs, almost no armour, (amphibious), 8 rings, tiny, (camouflage
1), (gelatinous body 1), (nimble swimmer 1), (tentacles)
a: End Transformation


You were on level 3 of the Dungeon.
You were a venomous arachnid creature.
You visited 1 branch of the dungeon, and saw 3 of its levels.

You collected 47 gold pieces.

Inventory:

Hand Weapons
 e - a +0 hand axe (melded)
Missiles
 a - 18 sling bullets
 b - 2 atropa-tipped darts
Armour
 g - an orb of light
Jewellery
 d - a ring of ice
Scrolls
 c - a scroll of identify {unknown}
Potions
 f - a potion of mutation {unknown}
 h - a potion of brilliance {unknown}


   Skills:
 * Level 1.5 Fighting
 + Level 2.1 Dodging
 + Level 0.6 Stealth
 * Level 3.2 Unarmed Combat
 + Level 2.6 Spellcasting
 + Level 2.2 Transmutations
 * Level 1.6 Poison Magic


You had 3 spell levels left.
You knew the following spells:

 Your Spells              Type           Power      Damage    Failure   Level
a - Beastly Appendage     Tmut           18%        N/A       21%         1
b - Spider Form           Tmut/Pois      8%         N/A       45%         3

Your spell library contained the following spells:

 Spells                   Type           Power      Damage    Failure   Level
 Wereblood                Tmut           9%         N/A       26%         2
 Animate Skeleton         Necr           4%         N/A       38%         1
 Ice Form                 Ice/Tmut       6%         N/A       89%         4


Dungeon Overview and Level Annotations

Branches:
Dungeon (3/15)

Altars:
Kikubaaqudgha
Xom


Innate Abilities, Weirdness & Mutations

You are a venomous arachnid creature.
You have poisonous fangs.
You are tiny and dextrous.
Your spellcasting is less reliable in this form.
Your armour is entirely melded.
You are incapable of wielding weapons or throwing items.
You cannot wear most types of armour.
((You are amphibious.))
You can wear up to eight rings at the same time.
((Your skin changes colour to match your surroundings (Stealth+).))
((Your rubbery body absorbs attacks. (AC +1, EV +1)))
((You are camouflaged when in or above water. (Stealth+)))
((You have tentacles for arms and can constrict up to eight enemies at once.))


Message History

There is an open door here.
An orc comes into view. It is wielding a +0 hand axe.
Found 7 gold pieces.
One of your tentacles grows a vicious spike.
The orc shouts!
A necrophage comes into view.
The orc closely misses you.
You hit the orc. You grab the orc. You tentacle-slap the orc.
You squeeze the orc, but do no damage.
The orc is heavily wounded.
You constrict the orc. The orc barely misses you. x2
You hit the orc but do no damage. You squeeze the orc.
You kill the orc!
You hit the necrophage. The necrophage hits you.
You feel drained.
You hit the necrophage. You grab the necrophage.
Your tentacle spike misses the necrophage.
The necrophage is moderately damaged.
Your transformation is almost over.
You constrict the necrophage, but do no damage.
The necrophage hits you!
You feel drained.
* * * LOW HITPOINT WARNING * * *
You release your grip on the necrophage.
There is an open door here.
Casting: Beastly Appendage (safe; 8% risk of failure)
Confirm with . or Enter, or press ? or * to list all spells.
The spell is extremely dangerous to miscast (24% risk of failure)!
Continue anyway?
Your tentacle spike disappears.
You turn into a venomous arachnid creature.
Your +0 hand axe melds into your body.
The necrophage barely misses you.
You barely miss the necrophage.
The necrophage is moderately damaged.
The necrophage misses you.
You hit the necrophage but do no damage.
The necrophage is moderately damaged.
The necrophage hits you.
* * * LOW HITPOINT WARNING * * *
You hit the necrophage.
The necrophage is moderately damaged.
The necrophage hits you.
You die...

### #<# #.# #.#
#.# #.# ### #.#
.... ####.####
..... +..s....+
......##n######..
......)..........
.#####...........
.......#######.
........#.$..$#.
.........#....$#.
##.......#$._..+.
#.......#.$.$.#.


You could see a necrophage.

Vanquished Creatures
  An adder skeleton (D:2)
  2 worms (D:2)
  2 dart slugs (D:1)
  An orc (D:3)
  3 endoplasms
  A giant cockroach (D:2)
  A hobgoblin (D:1)
  2 kobolds
  2 quokkas
  7 ball pythons (D:1)
  3 bats
  3 frilled lizards
  6 goblins
  5 rats (D:1)
39 creatures vanquished.

Vanquished Creatures (others)
  29 plants (D:2)
29 creatures vanquished.

Grand Total: 68 creatures vanquished

Notes
Turn   | Place    | Note
-------+----------+-------------------------------------------
     0 | D:1      | zeratav the Octopode Transmuter began the quest for the
                  | Orb.
     0 | D:1      | Reached XP level 1. HP: 13/13 MP: 3/3
   370 | D:1      | Reached XP level 2. HP: 18/18 MP: 3/5
   515 | D:1      | Reached skill level 1 in Poison Magic
  1021 | D:1      | Reached XP level 3. HP: 23/23 MP: 3/6
  1977 | D:2      | Found a faded altar of an unknown god.
  1995 | D:2      | Got Plato's Grimoire of Necromancy
  2020 | D:2      | Learned a level 3 spell: Spider Form
  2224 | D:2      | Found a shimmering altar of Xom.
  2503 | D:3      | Found an ancient bone altar of Kikubaaqudgha.
  2507 | D:3      | Noticed a necrophage
  2517 | D:3      | Slain by a necrophage

Illustrated notes

Levels and vault maps discovered:
D:1:      lemuel_arrival_lava_pool, layout_loops_ring, hangedman_feature_mirror
D:2:      layout_loops_corners, basic_altar,
          shapermc_ecumenical_altar_rom_forum, chequers_big_river,
          serial_bayou_lagoon_a
D:3:      layout_basic, amcnicky_altar_gilded, tso_oasis_becter, serial_shops,
          shop_fountains

Skill      XL: |  1  2 |
---------------+-------+-----
Poison Magic   | 1 |  1.6
Fighting       | |  1.5
Dodging        | |  2.1
Stealth        | |  0.6
Unarmed Combat | |  3.2
Spellcasting   | |  2.6
Transmutations | |  2.2

Action                   || total
-------------------------++-------
Melee: Unarmed           ||    36
       Kick              ||    27
       Constrict         ||    21
       Tentacles         ||    16
       Hand axe          ||    37
       Punch             ||     3
 Cast: Beastly Appendage ||    38
       Spider Form       ||     1
 Stab: Sleeping          ||     4
Armor: Skin              ||     7
Dodge: Dodged            ||    41
